 Dungeon Crawl Stone Soup version 0.18.1-50-g88ac8fd (console) character file.

16 CALLOUS the Chiller (level 2, -1/23 HPs)
             Began as a Centaur Ice Elementalist on June 11, 2018.
             Slain by a hobgoblin
             ... wielding a +0 club
              (2 damage)
             ... on level 1 of the Dungeon.
             The game lasted 00:17:19 (964 turns).

CALLOUS the Chiller (Centaur Ice Elementalist)       Turns: 964, Time: 00:17:20

Health: -1/23      AC:  4    Str: 10    XL:     2   Next: 37%
Magic:  0/4        EV: 10    Int: 14    God:
Gold:   14         SH:  0    Dex:  9    Spells: 1 memorised, 3 levels left

rFire  . . .     SeeInvis .     (no weapon)
rCold  . . .     Gourm    .     a - +0 robe
rNeg   . . .     Faith    .     (no shield)
rPois  .         Spirit   .     (no helmet)
rElec  .         Dismiss  .     (no cloak)
rCorr  .         Reflect  .     (no gloves)
SustAt .         Harm     .     (no barding)
MR     .....                    (no amulet)
Stlth  +.........               (no ring)
                                (no ring)

@: very quick, not resistant to hostile enchantments, very unstealthy
A: hooves 3, deformed body, speed 2, tough skin 3
a: no special abilities


You were on level 1 of the Dungeon.
You were not hungry.

You visited 1 branch of the dungeon, and saw 1 of its levels.

You collected 14 gold pieces.

Inventory:

Armour
 a - a +0 robe (worn)
Potions
 d - a potion of lignification {unknown}
Books
 b - a book of Frost

   Spells                             Type                      Level
   a - Freeze                         Ice                          1
   b - Throw Frost                    Conjuration/Ice              2
   c - Ozocubu's Armour               Charms/Ice                   3
   d - Throw Icicle                   Conjuration/Ice              4
   e - Summon Ice Beast               Ice/Summoning                4
Comestibles
 c - a bread ration


   Skills:
 * Level 1.1 Fighting
 + Level 1.8 Dodging
 - Level 1.2 Stealth
 * Level 0.6 Unarmed Combat
 - Level 1.5 Spellcasting
   Level 0.8 Conjurations
 - Level 2.6 Ice Magic


You had 3 spell levels left.
You knew the following spells:

 Your Spells              Type           Power        Failure   Level  Hunger
a - Freeze                Ice            #...         10%         1    ##.....


Dungeon Overview and Level Annotations

Branches:
Dungeon (1/15)

Altars:


Innate Abilities, Weirdness & Mutations

You have hooves in place of feet.
Armour fits poorly on your strangely shaped body.
You cover ground very quickly.
You have extremely tough skin (AC +3).


Message History

The hobgoblin hits you but does no damage.
You hit the hobgoblin but do no damage. The gnoll hits you but does no damage.
Casting: Freeze
Confirm with . or Enter, or press ? or * to list all spells.
Aiming: Freeze
Press: ? - help, Shift-Dir - straight line, f - hobgoblin
Aim: a hobgoblin, wielding a club You freeze the hobgoblin.
The hobgoblin is heavily wounded.
The hobgoblin hits you but does no damage.
The gnoll completely misses you.
You barely miss the hobgoblin.
The hobgoblin is heavily wounded.
The hobgoblin hits you with a club.
The gnoll hits you from afar with a spear!
* * * LOW HITPOINT WARNING * * *
You hit the hobgoblin but do no damage. Your kick misses the hobgoblin.
The hobgoblin is heavily wounded.
The hobgoblin hits you with a club.
You die...

#.###.###.###.###.........#h.#..#
#.#.#...#.# #.#.###..#..#......
#.#.#####.#####.#.# #..##.#hh#..)
#.........÷.......###..##.#..#..#
###.............†.........h......
#.############.####..##.#......
#.# #.#.##...#.#..#..# #.#
#.#.###.##.#..#..# #.#
#g#.h..hh......... #.#
#.#.###†.#.#.....# #.# #@#.#
#..#.#..#.## #..
######g#.###......>....
#.....g................
#.####...###...........
.....................
#####............#.##
#..###..###..#.# #... #..# ..#
#..###..# .# #... ..#


You could see a gnoll and 2 hobgoblins.

Vanquished Creatures
  A giant gecko (D:1)
  2 bats (D:1)
  A hobgoblin (D:1)
  6 jackals (D:1)
  A kobold (D:1)
  A rat (D:1)
12 creatures vanquished.

Notes
Turn   | Place    | Note
--------------------------------------------------------------
     0 | D:1      | CALLOUS the Centaur Ice Elementalist began the quest for the Orb.
     0 | D:1      | Reached XP level 1. HP: 14/14 MP: 3/3
   409 | D:1      | Reached skill level 1 in Fighting
   409 | D:1      | Reached XP level 2. HP: 23/23 MP: 1/4
   963 | D:1      | HP: 1/23 [gnoll/spear (7)]
   964 | D:1      | Slain by a hobgoblin

Skill      XL: |  1 |
---------------+----+-----
Fighting       | 1 |  1.1
Dodging        | |  1.8
Stealth        | |  1.2
Unarmed Combat | |  0.6
Spellcasting   | |  1.5
Conjurations   | |  0.8
Ice Magic      | |  2.6

Action                   || total
-------------------------++-------
Melee: Unarmed           ||     6
 Cast: Freeze            ||    26
Armor: Robe              ||    16
Dodge: Dodged            ||    11
